 Dungeon Crawl Stone Soup version 0.24.0-41-g2ae2f7f1be (console) character file.

Game seed: 471178065492423054, levelgen mode: deterministic

3371 Kagalorn the Geomancer (level 9, -1/81 HPs)
             Began as a Deep Dwarf Earth Elementalist on Dec 13, 2019.
             Was an Elder of Elyvilon.
             Killed from afar by Harold (11 damage)
             ... with a harpoon shot
             ... on level 8 of the Dungeon.
             The game lasted 00:21:32 (5277 turns).

Kagalorn the Geomancer (DDEE)                       Turns: 5277, Time: 00:21:33

Health: -1/81      AC:  8    Str: 11    XL:     9   Next: 73%
Magic:  1/16       EV: 30    Int: 20    God:    Elyvilon [****..]
Gold:   93         SH:  0    Dex: 13    Spells: 4/16 levels left

rFire    . . .     SeeInvis .   a - +4 short sword (venom)
rCold    . . .     Gourm    .   (no shield)
rNeg     . . .     Faith    .   w - +3 leather armour
rPois    +         Spirit   .   (no helmet)
rElec    .         Reflect  .   M - +0 cloak {rPois}
rCorr    .         Harm     .   h - +0 pair of gloves
MR       +....                  (no boots)
Stlth    +.........             t - amulet of the acrobat
HPRegen  0.00/turn              I - +5 ring of evasion
MPRegen  0.15/turn              C - +3 ring of slaying

@: marked, acrobat, non-regenerating, very heavily drained
A: damage resistance, heal wounds, sense surroundings 2, no regeneration
a: Heal Wounds, Lesser Healing, Heal Other, Purification, Greater Healing,
Divine Protection, Renounce Religion


You were on level 8 of the Dungeon.
You worshipped Elyvilon.
Elyvilon was greatly pleased with you.
You were hungry.

You visited 2 branches of the dungeon, and saw 9 of its levels.

You collected 372 gold pieces.
You spent 279 gold pieces at shops.

Inventory:

Hand Weapons
 a - a +4 short sword of venom (weapon)
 D - a +0 hunting sling
Missiles
 i - 5 silver javelins
 j - 47 bolts
 r - 75 stones (quivered)
 x - 8 javelins
 F - 41 sling bullets
Armour
 h - a +0 pair of gloves (worn)
 w - a +3 leather armour (worn)
 M - a +0 cloak of poison resistance (worn)
Magical Staves
 b - an uncursed staff of power
Jewellery
 c - an uncursed ring of resist corrosion
 g - an uncursed ring of protection from cold
 t - an amulet of the acrobat (around neck)
 v - an uncursed ring of flight
 C - a +3 ring of slaying (right hand)
 I - a +5 ring of evasion (left hand)
 L - an uncursed ring of protection from magic
Wands
 z - a wand of polymorph (1)
 G - a wand of digging (1)
 K - a wand of paralysis (13)
Scrolls
 e - 5 scrolls of remove curse {unknown}
 f - 8 scrolls of identify {unknown}
 n - 3 scrolls of teleportation {unknown}
 q - a scroll of fear {unknown}
 y - a scroll of magic mapping {unknown}
 A - 3 scrolls of enchant armour {unknown}
 E - a scroll of fog {unknown}
 H - a scroll of immolation {unknown}
 J - a scroll of amnesia {unknown}
 N - a scroll of random uselessness {unknown}
 P - 2 scrolls of blinking {unknown}
Potions
 k - 4 potions of heal wounds {unknown}
 l - a potion of agility
 m - 3 potions of haste {unknown}
 o - 2 potions of degeneration {unknown}
 p - a potion of cancellation {unknown}
 s - 2 potions of curing {unknown}
 u - a potion of brilliance {unknown}
 B - a potion of flight {unknown}
 O - 2 potions of lignification {unknown}
Comestibles
 d - 8 rations


   Skills:
 - Level 5.1(2.1) Fighting
 + Level 3.7(0.8) Staves
 - Level 2.1(0.0) Dodging
 - Level 2.4(0.0) Stealth
 - Level 4.0(1.0) Spellcasting
 - Level 3.0(0.1) Transmutations
 - Level 10.0(6.5) Earth Magic
 - Level 10.0(6.6) Invocations


You had 4 spell levels left.
You knew the following spells:

 Your Spells              Type           Power        Failure   Level  Hunger
a - Sandblast             Erth           ####..       1%          1    ##.....
b - Lee's Rapid Deconstr  Erth           ####......   38%         5    ######.
c - Petrify               Tmut/Erth      ##......     50%         4    #####..
g - Passwall              Tmut/Erth      ##......     9%          2    ###....

Your spell library contained the following spells:

 Spells                   Type           Power        Failure   Level  Hunger
 Stone Arrow              Conj/Erth      ##....       19%         3    ####...
 Animate Skeleton         Necr           N/A          22%         1    ##.....
 Pain                     Necr           #...         22%         1    ##.....
 Vampiric Draining        Necr           #.........   56%         3    ####...
 Animate Dead             Necr           N/A          92%         4    #####..
 Regeneration             Chrm/Necr      Unusable     N/A         3    N/A

Dungeon Overview and Level Annotations

Branches:
Dungeon (8/15)             Temple (1/1) D:7
   Lair: D:8-11

Altars:
Ashenzari
Cheibriados
Dithmenos
Elyvilon
Gozag
Hepliaklqana
Kikubaaqudgha
Makhleb
Okawaru
Qazlal
Ru
Sif Muna
Trog
Uskayaw
Vehumet
Xom
Yredelemnul
Zin
The Shining One

Shops:
D:6 *

Annotations:
D:8 Harold


Innate Abilities, Weirdness & Mutations

You are resistant to damage.
You can heal yourself by infusing magical energy.
You passively map the area around you.
You do not regenerate.


Message History

Aiming: Sandblast (safe; 1% risk of failure)
Press: ? - help, Shift-Dir - straight line, f/p - Harold
Aim: Harold, wielding a +0 mace of draining and wearing a +3 scale mail of magic resistance (almost dead)
The blast of sand hits Harold!
Harold is almost dead.
r - 75 stones Harold hits you with a +0 mace of draining!
* * * LOW HITPOINT WARNING * * *
You feel drained.
You struggle against the net.
Harold hits you with a +0 mace of draining!
* * * LOW HITPOINT WARNING * * *
You feel drained.
You rip the net and break free!
Harold hits you with a +0 mace of draining.
* * * LOW HITPOINT WARNING * * *
You feel drained. Harold casts a spell at you. The harpoon shot hits you!
You die...

, , , ,##+#########' ,, ,,
+........#... , *####### ,
,,#........'... ,.......*
##........#... * ,
,,,..... * ,#.........#...
, ,, ..^. #.........#... ,
*, #..*######.###..###..
##.##.@##..###.###..#####
,
*........@..(.'..'.......#
+...>.........#..#......(#
, ,
###############.###.#####
, * , #.###)#### , , , ,,
#......... , , ,, ,, ,
#......... , , , , ,
#######+##* + ,,, * * ,,
,* , , ,,, *


You could see Harold.

Vanquished Creatures
  Pikel (D:6)
  Sigmund (D:4)
  A hippogriff (D:6)
  Duvessa (D:6)
  Purgy (D:3)
  2 ice beasts (D:5)
  2 orc warriors
  A phantom (D:5)
  2 centaurs (D:6)
  3 ogres
  A big kobold (D:7)
  3 bullfrogs
  Dowan (D:6)
  A water moccasin skeleton (D:7)
  3 scorpions
  2 crimson imps
  5 howler monkeys
  2 orc priests
  2 jellies (D:3)
  A centaur skeleton (D:6)
  5 hounds
  4 orc wizards
  Natasha (thrice) (D:4)
  3 worker ants
  A hound skeleton (D:5)
  5 adders
  3 shadow imps
  2 oozes
  A worm (D:3)
  3 dart slugs
  3 leopard geckos
  17 orcs
  2 bats
  3 giant cockroaches
  2 goblins (D:2)
  6 hobgoblins
  2 iguanas
  2 jackals (D:2)
  11 kobolds
  2 quokkas (D:6)
  A ball python skeleton (D:4)
  2 frilled lizards
  A leopard gecko zombie (D:7)
  2 rats
122 creatures vanquished.

Notes
Turn   | Place    | Note
-------+----------+-------------------------------------------
     0 | D:1      | Kagalorn the Deep Dwarf Earth Elementalist began the quest
                  | for the Orb.
     0 | D:1      | Reached XP level 1. HP: 15/15 MP: 3/3
   616 | D:1      | Reached XP level 2. HP: 20/22 MP: 0/5
   894 | D:2      | Found a stormy altar of Qazlal.
   909 | D:2      | Reached skill level 5 in Earth Magic
   909 | D:2      | Reached XP level 3. HP: 15/30 MP: 0/6
   942 | D:2      | Learned a level 2 spell: Passwall
  1060 | D:2      | Found a white marble altar of Elyvilon.
  1076 | D:2      | Became a worshipper of Elyvilon the Healer
  1327 | D:3      | Found an ancient bone altar of Kikubaaqudgha.
  1407 | D:3      | Noticed Purgy
  1491 | D:3      | Killed Purgy
  1491 | D:3      | Reached skill level 1 in Fighting
  1491 | D:3      | Reached skill level 1 in Invocations
  1491 | D:3      | Reached XP level 4. HP: 18/38 MP: 0/8
  1491 | D:3      | Reached XP level 5. HP: 21/44 MP: 0/9
  1604 | D:3      | Found an iron altar of Okawaru.
  1629 | D:3      | Reached * piety under Elyvilon
  1637 | D:3      | Found a shimmering altar of Xom.
  1773 | D:3      | Found a shattered altar of Ashenzari.
  1965 | D:4      | Noticed Sigmund
  1966 | D:4      | Noticed Natasha
  2026 | D:4      | Reached XP level 6. HP: 40/51 MP: 3/11
  2111 | D:4      | Killed Natasha
  2416 | D:4      | Found a shattered altar of Ashenzari.
  2418 | D:4      | Reached ** piety under Elyvilon
  2420 | D:4      | Saw a vision of the Swamp and the Spider Nest.
  2420 | D:4      | Noticed an alligator
  2420 | D:4      | Noticed a redback
  2420 | D:4      | Noticed a water moccasin
  2420 | D:4      | Noticed an alligator
  2420 | D:4      | Noticed a redback
  2420 | D:4      | Noticed a swamp drake
  2420 | D:4      | Noticed a wolf spider
  2420 | D:4      | Noticed a wolf spider
  2421 | D:4      | Noticed a wolf spider
  2422 | D:4      | Noticed a water moccasin
  2422 | D:4      | Noticed a swamp drake
  2455 | D:4      | Noticed Natasha
  2474 | D:4      | Killed Natasha
  2514 | D:4      | Killed Sigmund
  2514 | D:4      | Reached XP level 7. HP: 58/60 MP: 7/13
  2561 | D:4      | Noticed Natasha
  2568 | D:4      | Killed Natasha
  2652 | D:5      | Entered Level 5 of the Dungeon
  2686 | D:5      | Found a shimmering blue altar of Sif Muna.
  2711 | D:5      | Reached skill level 1 in Transmutations
  2724 | D:5      | Learned a level 5 spell: Lee's Rapid Deconstruction
  2729 | D:5      | Learned a level 4 spell: Petrify
  2920 | D:5      | Found an opulent altar of Gozag.
  2948 | D:5      | Reached XP level 8. HP: 45/67 MP: 14/14
  3073 | D:5      | Reached skill level 10 in Earth Magic
  3460 | D:6      | Found a glowing silver altar of Zin.
  3485 | D:6      | Reached *** piety under Elyvilon
  3501 | D:6      | Found a shadowy altar of Dithmenos.
  3576 | D:6      | Found a shimmering blue altar of Sif Muna.
  3577 | D:6      | Reached skill level 5 in Invocations
  3578 | D:6      | Found a basalt altar of Yredelemnul.
  3578 | D:6      | Noticed Dowan
  3579 | D:6      | Noticed Duvessa
  3592 | D:6      | Killed Duvessa
  3593 | D:6      | Killed Dowan
  3742 | D:6      | Noticed a hippogriff
  3746 | D:6      | Killed a hippogriff
  3789 | D:6      | Noticed Pikel
  3802 | D:6      | Killed Pikel
  3802 | D:6      | Gained mutation: You passively map the area around you.
                  | [Deep Dwarf growth]
  3802 | D:6      | Reached XP level 9. HP: 69/76 MP: 5/16
  3901 | D:6      | Found Ihixt's Assorted Antiques.
  3919 | D:6      | Bought an embroidered cloak for 172 gold pieces
  3919 | D:6      | Bought a scroll labeled HIRANT KAISOD for 23 gold pieces
  3919 | D:6      | Bought 2 fuming golden potions for 41 gold pieces
  3919 | D:6      | Bought a scroll labeled GOKAXO CISKICED for 23 gold pieces
  3919 | D:6      | Bought a fizzy red potion for 20 gold pieces
  4151 | D:7      | Found a staircase to the Ecumenical Temple.
  4160 | Temple   | Entered the Ecumenical Temple
  4570 | D:7      | Reached skill level 10 in Invocations
  4654 | D:7      | Reached **** piety under Elyvilon
  4898 | D:8      | Reached skill level 5 in Fighting
  4927 | D:8      | Reached skill level 1 in Staves
  5257 | D:8      | Noticed Harold
  5277 | D:8      | Killed from afar by Harold

Levels and vault maps discovered:
D:1:      dpeg_arrival_tiny_d, layout_loops_ring
D:2:      layout_rooms, lemuel_doored_altar, nicolae_overflow_crystal_walls,
          glass_columns_a
D:3:      layout_basic, nicolae_overflow_hidden_temple,
          ashenzari_conservatory_becter, lemuel_coloured_pillars_altar,
          dk_xom_monty_hall, uniq_purgy
D:4:      layout_cave_pools, grunt_decor_cap, grunt_ashenzari_visionary
          [grunt_ashenzari_visionary_swamp, grunt_ashenzari_visionary_spider],
          uniq_natasha, uniq_sigmund
D:5:      layout_basic, grunt_gozag_statues, basic_altar, first_ration
D:6:      layout_basic, nicolae_dithmenos_the_darkroom, zin_academy,
          grunt_temple_overflow_open, serial_shops,
          nicolae_shop_overgrown_old_shop, kennysheep_boxes, uniq_pikel,
          uniq_duvessa
D:7:      layout_basic, minmay_temple_entry_gardened_gates
D:8:      layout_gridville, marbit_many_paths, uniq_harold
Temple:   nicolae_temple_figure_zero

Skill      XL: |  1  2  3  4  5  6  7  8  9 |
---------------+----------------------------+-----
Spellcasting   | 2 3 4 |  4.0
Earth Magic    | 5 6 8 9 10 | 10.0
Fighting       | 1 2 3 5 |  5.1
Invocations    | 1 2 4 9 10 | 10.0
Transmutations | 2 3 |  3.0
Staves         | 3 |  3.7
Dodging        | |  2.1
Stealth        | |  2.4

Action                   |  1- 3 |  4- 6 |  7- 9 || total
-------------------------+-------+-------+-------++-------
Melee: Short sword       |     7 |     6 |    24 ||    37
       Unarmed           |     3 |    11 |       ||    14
 Cast: Sandblast         |    47 |    45 |   123 ||   215
       Lee's Rapid Decon |       |       |     4 ||     4
       Petrify           |       |       |     3 ||     3
Invok: Lesser Healing    |       |    12 |    11 ||    23
 Stab: Petrified         |       |       |     1 ||     1
  Eat: Chunk             |     2 |     4 |    13 ||    19
Armor: Robe              |    18 |     3 |     3 ||    24
       Leather armour    |       |       |     2 ||     2
Dodge: Dodged            |    33 |    14 |    41 ||    88
